 Dungeon Crawl Stone Soup version 0.28-a0-1518-gbe868bca14 (webtiles) character file.

Game seed: 10596729390023062185

535 hashsling the Gusty (level 7, -1/108 HPs)
             Began as a Human Wanderer on Jan 16, 2022.
             Slain by a hornet zombie (4 damage)
             ... in an ossuary.
             The game lasted 00:13:47 (4407 turns).

hashsling the Gusty (Human Wanderer)                Turns: 4407, Time: 00:13:48

Health: -1/108     AC: 23    Str: 10    XL:     7   Next: 50%
Magic:  1/21       EV:  2    Int: 14    God:
Gold:   176        SH:  4    Dex: 15    Spells: 3/12 levels left

rFire   . . .      SeeInvis .   j - +0 trident
rCold   . . .      Faith    .   c - +0 buckler
rNeg    . . .      Spirit   .   (armour currently unavailable)
rPois   +          Reflect  .   (helmet currently unavailable)
rElec   .          Harm     .   (cloak currently unavailable)
rCorr   .          Rampage  .   (gloves currently unavailable)
Will    .....      NoTele   +   (boots currently unavailable)
Stlth   ..........              (no amulet)
HPRegen 0.28/turn               d - ring of magical power
MPRegen 0.17/turn               i - ring of wizardry

@: berserking, tree-form, slow
A: stationary, stasis, torment immunity, boosted hp
a: no special abilities


You were in an ossuary.
You were a tree.
You visited 1 branch of the dungeon, and saw 4 of its levels.
You also visited: Ossuary.

You collected 176 gold pieces.

Inventory:

Hand Weapons
 a - a +0 dagger
 j - a +0 trident (weapon)
Armour
 c - a +0 buckler (worn)
 n - a +0 robe
 v - a +1 robe of the Archmagi (melded)
 x - an orb of light
Jewellery
 d - a ring of magical power (left branch)
 i - a ring of wizardry (right branch)
 k - an amulet of guardian spirit
 l - a ring of resist corrosion
Scrolls
 e - 3 scrolls of vulnerability {unknown}
 g - 3 scrolls of teleportation {unknown}
 h - a scroll of enchant weapon {unknown}
 m - a scroll of summoning {unknown}
 o - a scroll of immolation {unknown}
 r - 2 scrolls of noise {unknown}
 s - 2 scrolls of identify {unknown}
 t - a scroll of silence {unknown}
 u - 2 scrolls of fear {unknown}
 w - a scroll of amnesia {unknown}
Potions
 b - a potion of flight
 f - a potion of curing
 p - a potion of berserk rage
 q - 3 potions of lignification
 z - a potion of might {unknown}


   Skills:
 - Level 1.0 Fighting
 + Level 4.1 Dodging
 - Level 2.0 Shields
 + Level 3.3 Spellcasting
 - Level 2.0 Necromancy
 * Level 5.6 Air Magic


You had 3 spell levels left.
You knew the following spells:

 Your Spells              Type           Power      Damage    Failure   Level
a - Shock                 Conj/Air       40%        1d5       3%          1
b - Corpse Rot            Necr/Air       26%        N/A       3%          2
c - Sublimation of Blood  Necr           7%         N/A       8%          2
d - Summon Lightning Spi  Summ/Air       10%        N/A       32%         4

Your spell library contained the following spells:

 Spells                   Type           Power      Damage    Failure   Level


Dungeon Overview and Level Annotations

Branches:
Dungeon (4/15)            Ossuary (1/1)
 Temple: D:4-7

Altars:
Uskayaw

Annotations:
D:3 2 transporters, mdonais's ghost, amateur GnWn


Message History

You are too injured to fight recklessly!
Aiming: Shock (safe; 3% risk of failure)
Press: ? - help, Q - select action, (/) - cycle Shift-Dir - straight line, f/p - hornet zombie
Aim: a hornet zombie (moderately damaged, 75% to hit)
You feel a surge of power!
The zap hits the hornet zombie.
The hornet zombie is moderately damaged.
The hornet zombie hits you!
* * * LOW HITPOINT WARNING * * *
Okay, then.
It was a potion of flight.
You feel very buoyant.
You fly up into the air.
The hornet zombie hits you.
* * * LOW HITPOINT WARNING * * *
It was a potion of curing.
You feel better. The hornet zombie misses you. The hornet zombie hits you.
* * * LOW HITPOINT WARNING * * *
It was a potion of lignification.
You turn into a tree.
Your +1 robe of the Archmagi melds into your body.
You feel strangely numb.
Your roots penetrate the ground.
Splash!
You fall into the shallow water.
Moving in this stuff is going to be slow.
The hornet zombie hits you but does no damage.
It was a potion of berserk rage.
A red film seems to cover your vision as you go berserk!
You feel yourself moving faster!
You feel mighty!
The hornet zombie hits you but does no damage.
You puncture the hornet zombie!
The hornet zombie is severely damaged.
The hornet zombie hits you!
* * * LOW HITPOINT WARNING * * *
The hornet zombie hits you but does no damage.
You are too berserk!
You hit the hornet zombie.
The hornet zombie is severely damaged.
The hornet zombie hits you but does no damage.
You closely miss the hornet zombie.
The hornet zombie is severely damaged.
The hornet zombie hits you.
You die...

# ##### ≈≈ #..∩#
≈≈## #.∩.#
≈#P.≈#...#
≈#≈#≈.##'##+##+##≈
#≈≈.≈.≈.≈♣Z≈≈≈≈≈≈.
#≈≈≈#≈≈.#'#+#+#.≈≈
##≈≈≈P#.≈P≈P≈P#
≈≈≈≈#≈≈≈####≈≈≈#
### #≈≈## ##≈≈ ###


You could see a hornet zombie.

Vanquished Creatures
  Sigmund (D:2)
  A bullfrog (D:3)
  A water moccasin skeleton (D:4)
  A hound (D:4)
  A bullfrog skeleton (D:4)
  5 mummies (Ossuary)
  A killer bee zombie (Ossuary)
  3 adders (D:2)
  2 worms (D:2)
  4 dart slugs
  2 orcs (D:4)
  7 ball pythons
  5 endoplasms
  5 goblins
  8 hobgoblins
  7 jackals (D:2)
  3 quokkas
  3 bats
  3 frilled lizards
  6 kobolds
  9 rats
78 creatures vanquished.

Vanquished Creatures (others)
  3 fungi (D:2)
  8 plants
  7 withered plants (Ossuary)
18 creatures vanquished.

Grand Total: 96 creatures vanquished

Notes
Turn   | Place    | Note
-------+----------+-------------------------------------------
     0 | D:1      | hashsling the Human Wanderer began the quest for the Orb.
     0 | D:1      | hashsling set off with the following items: a +0 dagger, a
                  | +0 robe, a +0 buckler; and the following spell memorised:
                  | Shock; and the following spells available to memorise:
                  | Corpse Rot, Sublimation of Blood, Summon Lightning Spire
     0 | D:1      | Reached XP level 1. HP: 15/15 MP: 2/2
   219 | D:1      | Reached XP level 2. HP: 21/21 MP: 3/3
   253 | D:1      | Learned a level 2 spell: Corpse Rot
  1019 | D:1      | Reached XP level 3. HP: 26/26 MP: 5/5
  1445 | D:2      | Reached skill level 3 in Air Magic
  1827 | D:2      | Learned a level 2 spell: Sublimation of Blood
  1874 | D:2      | Reached XP level 4. HP: 32/32 MP: 6/6
  2093 | D:2      | Found a hide-covered altar of Uskayaw.
  2120 | D:2      | Found a faded altar of an unknown god.
  2269 | D:2      | Noticed Sigmund
  2288 | D:2      | Killed Sigmund
  2289 | D:2      | Reached skill level 4 in Air Magic
  2289 | D:2      | Reached XP level 5. HP: 28/37 MP: 0/8
  2289 | D:2      | Reached XP level 6. HP: 33/43 MP: 0/9
  2896 | D:2      | Learned a level 4 spell: Summon Lightning Spire
  3659 | D:3      | Found a transporter.
  3663 | D:3      | Noticed mdonais's ghost (amateur GnWn)
  3817 | D:3      | Found a transporter.
  4104 | D:4      | Reached skill level 5 in Air Magic
  4164 | D:4      | Reached XP level 7. HP: 43/48 MP: 11/11
  4283 | D:4      | Found a sand-covered staircase.
  4330 | Ossuary  | Entered an ossuary
  4405 | Ossuary  | HP: 3/108 [hornet zombie (9)]
  4407 | Ossuary  | Slain by a hornet zombie

Illustrated notes

Levels and vault maps discovered:
D:1:      lemuel_arrival_cross, layout_basic
D:2:      layout_basic, basic_altar, shapermc_ecumenical_altar_ellora,
          minmay_misc_feat_five, minmay_tetromino_l2, uniq_sigmund
D:3:      layout_basic, gammafunk_ghost_mausoleum, lightli_corner_chamber
D:4:      layout_rooms, minmay_temple_entry_glassed_door,
          nicolae_ossuary_entry_false_entrances, serial_bayou_pond_b,
          uniq_natasha, uniq_pikel
Ossuary:  ossuary_zaba_flooded

Skill      XL: |  1  2  3  4  5  6  7 |
---------------+----------------------+-----
Air Magic      | 3 4 5 |  5.6
Dodging        | 3 4 |  4.1
Spellcasting   | 2 3 |  3.3
Fighting       | |  1.0
Shields        | |  2.0
Necromancy     | |  2.0

Action                   |  1- 3 |  4- 6 |  7- 9 || total
-------------------------+-------+-------+-------++-------
Melee: Dagger            |    29 |       |       ||    29
       Trident           |    13 |    11 |    18 ||    42
 Cast: Shock             |    82 |   112 |    37 ||   231
  Use: Potion            |       |       |     4 ||     4
Armor: Robe              |    10 |     2 |     6 ||    18
       Skin              |       |       |     4 ||     4
Dodge: Dodged            |    25 |    21 |    16 ||    62
Block: Buckler           |    11 |     4 |     3 ||    18

Table legend: (Time is in decaauts)
 A = Elapsed time spent in this place.
 B = Non-inter-level travel time spent in this place.
 C = Inter-level travel time spent in this place.
 D = Time resting spent in this place.
 E = Time spent auto-exploring this place.
 F = Levels seen in this place.
 G = Mean time per level.
                   A        B        C        D        E       F      G
               +--------+--------+--------+--------+--------+-----+--------+
         Total |   4430 |   4336 |     94 |     97 |   3548 |   5 |  886.0 |
       Dungeon |   4337 |   4243 |     94 |     97 |   3525 |   4 | 1084.2 |
       Ossuary |     92 |     92 |      0 |      0 |     23 |   1 |   92.0 |
               +--------+--------+--------+--------+--------+-----+--------+

Top non-repeatable levels by time:
     D:2: 1802 daAuts
     D:1: 1396 daAuts
     D:3: 758 daAuts
     D:4: 381 daAuts
 Ossuary: 92 daAuts
